 Dungeon Crawl Stone Soup version 0.17-a0-1409-ge6d9485 (webtiles) character file.

93 urechis the Twirler (level 4, 0/28 HPs)
             Began as a Tengu Gladiator on June 22, 2015.
             Slain by a worker ant (7 damage)
             ... on level 4 of the Dungeon.
             The game lasted 00:04:25 (2540 turns).

urechis the Twirler (Tengu Gladiator)               Turns: 2540, Time: 00:04:25

Health: 0/28       AC:  3    Str: 16    XL:     4   Next: 61%
Magic:  5/5        EV: 13    Int:  8    God:
Gold:   200        SH:  0    Dex: 15    Spells: 0 memorised, 3 levels left

rFire  . . .     SeeInvis .     a - +0 quarterstaff
rCold  . . .     Clarity  .     s - +0 leather armour
rNeg   . . .     SustAt   .     (no shield)
rPois  .         Gourm    .     c - +0 hat
rElec  .         Spirit   .     (no cloak)
rCorr  .         Warding  .     (no gloves)
rMut   .         Stasis   .     (boots unavailable)
MR     .....                    (no amulet)
Stlth  +.........               (no ring)
                                p - ring of invisibility

@: lethally poisoned (0 -> -5), not resistant to hostile enchantments, very
unstealthy
A: beak, talons 3
a: Evoke Invisibility


You were on level 4 of the Dungeon.
You were not hungry.

You visited 1 branch of the dungeon, and saw 4 of its levels.

You collected 200 gold pieces.

Inventory:

Hand weapons
 a - a +0 quarterstaff (weapon)
 b - a +0 blowgun
Missiles
 d - 3 throwing nets (quivered)
 r - 23 poisoned needles
Armour
 c - a +0 hat (worn)
 s - a +0 leather armour (worn)
Jewellery
 p - a ring of invisibility (left hand)
Scrolls
 f - a scroll of remove curse
 g - 2 scrolls of identify
 h - a scroll of amnesia
 i - 4 scrolls of enchant armour
Potions
 j - 3 potions of curing {unknown}
 k - a potion of magic {unknown}
 q - a potion of lignification {unknown}
Comestibles
 e - a bread ration
 l - a beef jerky
 o - 4 meat rations


   Skills:
 + Level 3.0 Fighting
 * Level 4.7 Staves
 - Level 2.1 Throwing
 + Level 3.8 Dodging


You had 3 spell levels left.
You didn't know any spells.

Dungeon Overview and Level Annotations

Branches:
Dungeon (4/15)
 Temple: D:4-7

Altars:
Ashenzari


Innate Abilities, Weirdness & Mutations

You have a beak for a mouth.
You have claws for feet.


Message History

You barely miss the worker ant.
You claw the worker ant, but do no damage.
The worker ant is heavily wounded.
You feel sick.
The worker ant bites you but does no damage.
You hit the worker ant but do no damage.
Your kick misses the worker ant. Your peck misses the worker ant.
The worker ant is heavily wounded.
The worker ant bites you!
* * * LOW HITPOINT WARNING * * *
You hit the worker ant but do no damage.
You claw the worker ant, but do no damage.
The worker ant is heavily wounded.
* * * LOW HITPOINT WARNING * * *
You feel sick. The worker ant barely misses you.
You hit the worker ant but do no damage.
You claw the worker ant, but do no damage.
The worker ant is heavily wounded.
The worker ant bites you!
You die...

##...###..............##
##....................##
#........#...........##
##........#..........##
#...................##
#................####
...รท.............#
.................##
##..............@.#
##.............a.#
###..............#
####.#.........#
#.##.........
#..#..........
##.#...........
#.#............
#.........


You could see a worker ant.

Vanquished Creatures
  2 adders
  4 worms
  A giant gecko (D:2)
  2 orcs (D:3)
  8 bats
  5 giant cockroaches
  6 hobgoblins
  7 kobolds
  2 quokkas (D:2)
  3 giant newts (D:1)
  10 goblins
  12 rats
62 creatures vanquished.

Notes
Turn   | Place    | Note
--------------------------------------------------------------
     0 | D:1      | urechis the Tengu Gladiator began the quest for the Orb.
     0 | D:1      | Reached XP level 1. HP: 12/12 MP: 2/2
    97 | D:1      | Reached XP level 2. HP: 15/17 MP: 3/3
   789 | D:2      | Reached skill level 4 in Staves
   832 | D:2      | Found a shattered altar of Ashenzari.
   851 | D:2      | Reached XP level 3. HP: 19/22 MP: 4/4
  1551 | D:3      | Reached XP level 4. HP: 27/27 MP: 5/5
  2540 | D:4      | Slain by a worker ant

Vault maps used:
D:1:      evilmike_arrival_rings, kennysheep_small_spiral, minivault_11
D:2:      lemuel_round_altar
D:4:      nicolae_overflow_hidden_temple, lemuel_doored_altar, serial_shops,
          shop

Action                   |  1- 3 |  4- 6 || total
-------------------------+-------+-------++-------
Melee: Quarterstaff      |    94 |    42 ||   136
  Use: Scroll            |       |     8 ||     8
 Stab: Sleeping          |     2 |       ||     2
  Eat: Chunk             |     1 |     4 ||     5
